 Dungeon Crawl Stone Soup version 0.29.1-1-gd02db6906a (webtiles) character file.

Game seed: 4667398158101550797

96 safid the Shooter (level 4, 0/38 HPs)
             Began as a Minotaur Hunter on Oct 14, 2022.
             Slain by a kobold brigand
             ... wielding a +0 short sword
              (7 damage)
             ... on level 3 of the Dungeon.
             The game lasted 00:03:56 (2069 turns).

safid the Shooter (Minotaur Hunter)                 Turns: 2069, Time: 00:03:57

Health: 0/38       AC:  4    Str: 15    XL:     4   Next: 41%
Magic:  3/3        EV: 12    Int:  6    God:
Gold:   200        SH:  0    Dex: 16    Spells: 3/3 levels left

rFire   . . .      SeeInvis .   a - +0 shortbow
rCold   . . .      Faith    .   (shield currently unavailable)
rNeg    . . .      Spirit   .   c - +0 leather armour
rPois   .          Reflect  .   (helmet restricted)
rElec   .          Harm     .   (no cloak)
rCorr   .          Rampage  .   (no gloves)
Will    .....                   e - +0 pair of boots
Stlth   +.........              (no amulet)
HPRegen 0.12/turn               (no ring)
MPRegen 0.08/turn               (no ring)

@: lethally poisoned (0 -> 0)
A: horns 2, retaliatory headbutt
a: no special abilities


You were on level 3 of the Dungeon.
You visited 1 branch of the dungeon, and saw 3 of its levels.

You collected 200 gold pieces.

Inventory:

Hand Weapons
 a - a +0 shortbow (weapon)
Missiles
 n - 6 silver javelins
Armour
 c - a +0 leather armour (worn)
 e - a +0 pair of boots (worn)
Jewellery
 j - a ring of ice
 k - a +4 ring of evasion
Scrolls
 b - a scroll of immolation
 d - 2 scrolls of fog {unknown}
 f - 2 scrolls of enchant armour {unknown}
 h - 5 scrolls of identify {unknown}
 l - a scroll of fear {unknown}
 p - a scroll of magic mapping {unknown}
 q - a scroll of enchant weapon {unknown}
Potions
 g - a potion of might {unknown}
 i - 3 potions of berserk rage {unknown}
 m - 2 potions of heal wounds {unknown}
 o - a potion of attraction {unknown}


   Skills:
 - Level 3.0 Fighting
 + Level 6.3 Ranged Weapons
 - Level 2.1 Dodging
 - Level 0.7 Stealth


You had 3 spell levels left.
You didn't know any spells.
Your spell library contained the following spells:

 Spells                   Type           Power      Damage    Failure   Level
 Petrify                  Tmut/Erth      0%         N/A       99%         4
 Metabolic Englaciation   Hex/Ice        0%         N/A       100%        5
 Statue Form              Tmut/Erth      0%         N/A       100%        6


Dungeon Overview and Level Annotations

Branches:
Dungeon (3/15)

Altars:


Innate Abilities, Weirdness & Mutations

You have a pair of horns on your head.
You reflexively headbutt those who attack you in melee.


Message History

You are poisoned.
Fire: a) +0 shortbow
Press: ? - help, Q - select action, (/) - cycle Shift-Dir - straight line, f/p - kobold brigand
Aim: a kobold brigand, wielding a +0 short sword and quivering poisoned darts (moderately wounded, 58% to hit)
You shoot an arrow. The arrow hits the kobold brigand.
The kobold brigand is heavily wounded.
You feel very sick.
Fire: a) +0 shortbow
Press: ? - help, Q - select action, (/) - cycle Shift-Dir - straight line, f/p - kobold brigand
Aim: a kobold brigand, wielding a +0 short sword and quivering poisoned darts (heavily wounded, 58% to hit)
You shoot an arrow. The arrow hits the kobold brigand.
The kobold brigand is severely wounded.
You feel sick.
Fire: a) +0 shortbow
Press: ? - help, Q - select action, (/) - cycle Shift-Dir - straight line, f/p - kobold brigand
Aim: a kobold brigand, wielding a +0 short sword and quivering poisoned darts (severely wounded, 58% to hit)
You shoot an arrow.
The arrow closely misses the kobold brigand.
You feel sick. The kobold brigand closely misses you. You furiously retaliate!
You headbutt the kobold brigand, but do no damage.
Fire: a) +0 shortbow
Press: ? - help, Q - select action, (/) - cycle Shift-Dir - straight line, f/p - kobold brigand
Aim: a kobold brigand, wielding a +0 short sword and quivering poisoned darts (severely wounded, 58% to hit)
You shoot an arrow. The arrow hits the kobold brigand.
The kobold brigand is severely wounded.
You feel sick. The kobold brigand closely misses you.
Fire: a) +0 shortbow
Press: ? - help, Q - select action, (/) - cycle Shift-Dir - straight line, f/p - kobold brigand
Aim: a kobold brigand, wielding a +0 short sword and quivering poisoned darts (severely wounded, 58% to hit)
You shoot an arrow.
The arrow barely misses the kobold brigand.
You feel sick. The kobold brigand barely misses you.
Fire: a) +0 shortbow
Press: ? - help, Q - select action, (/) - cycle Shift-Dir - straight line, f/p - kobold brigand
Aim: a kobold brigand, wielding a +0 short sword and quivering poisoned darts (severely wounded, 58% to hit)
You shoot an arrow. The arrow hits the kobold brigand!
The kobold brigand is almost dead.
You feel sick. The kobold brigand barely misses you.
The kobold brigand hits you with a +0 short sword!
You die...

.#####...##.##.#.# ##.####...#
...............#.# #.####'####
.#######......##.# #.........#
.##########.#.##.# #.........#
#.....# ###.#)##.## #.........#
#.....# #.........####.....<..#
#)....# #.#....#..............#
#.....# #.#....K.####.........#
#.....###.##.###@# #.........#
#.....'.......##.# #.###########
#.....###.#...##.####.#######....
#####.#.#.#...##.#...............
#####...#.#...##<##.#.#######....
'.......#.#...##.##.#.......#....
#.........#...##.##.###..##.#....
#.##.....##...##.##.# #..##.#....
#.##.###.##...##.##.###..##.#####


You could see a kobold brigand.

Vanquished Creatures
  A gnoll (D:3)
  2 adders (D:2)
  4 worms
  2 orcs (D:2)
  7 endoplasms
  4 goblins
  3 hobgoblins
  3 jackals (D:1)
  11 kobolds
  2 quokkas
  2 ball pythons
  5 bats
  A frilled lizard (D:1)
  5 rats
52 creatures vanquished.

Notes
Turn   | Place    | Note
-------+----------+-------------------------------------------
     0 | D:1      | safid the Minotaur Hunter began the quest for the Orb.
     0 | D:1      | Reached XP level 1. HP: 18/18 MP: 0/0
   116 | D:1      | Found a faded altar of an unknown god.
   117 | D:1      | Noticed a golden eye
   119 | D:1      | Noticed a floating eye
   125 | D:1      | Noticed a shining eye
   129 | D:1      | Noticed an eye of devastation
   169 | D:1      | Reached XP level 2. HP: 26/26 MP: 1/1
   347 | D:1      | Reached skill level 5 in Ranged Weapons
   603 | D:1      | Reached XP level 3. HP: 31/31 MP: 2/2
  1083 | D:2      | Reached XP level 4. HP: 38/38 MP: 3/3
  1132 | D:2      | Reached skill level 6 in Ranged Weapons
  2004 | D:3      | Noticed a kobold brigand
  2069 | D:3      | Slain by a kobold brigand

Illustrated notes

Levels and vault maps discovered:
D:1:      elethiomel_arrival_shortcut, layout_loops_ring,
          hellmonk_ecumenical_altar_watching_god, nicolae_wormholes
D:2:      layout_rooms
D:3:      minmay_goblin_kobold_castle, layout_basic

Skill      XL: |  1  2  3  4 |
---------------+-------------+-----
Fighting       | 3 |  3.0
Ranged Weapons | 5 6 |  6.3
Dodging        | |  2.1
Stealth        | |  0.7

Action                   |  1- 3 |  4- 6 || total
-------------------------+-------+-------++-------
 Fire: Shortbow          |   104 |    44 ||   148
Armor: Leather armour    |    10 |       ||    10
Dodge: Dodged            |    22 |    13 ||    35
